 Dungeon Crawl Stone Soup version 0.31-a0-200-gbc41564c69 (webtiles) character file.

Game seed: 8426990958924287608

50 qw the Shooter (level 3, -4/20 HPs)
             Began as a Deep Elf Hunter on June 25, 2023.
             Slain by a gnoll
             ... wielding a +0 spear
              (5 damage)
             ... on level 2 of the Dungeon.
             The game lasted 00:00:15 (791 turns).

qw the Shooter (Deep Elf Hunter)                     Turns: 791, Time: 00:00:15

Health: -4/20      AC:  6    Str: 10    XL:     3   Next: 55%
Magic:  5/5        EV: 11    Int: 13    God:
Gold:   46         SH:  0    Dex: 18    Spells: 2/2 levels left

rFire   . . .        Y - +1 shortbow
rCold   . . .        (shield currently unavailable)
rNeg    . . .        d - +0 ring mail
rPois   .            (no helmet)
rElec   .            j - +0 cloak
rCorr   .            (no gloves)
SInv    .            (no boots)
Will    .....        (no amulet)
Stlth   +            (no ring)
HPRegen 0.23/turn    (no ring)
MPRegen 0.09/turn

%: no passive effects
@: lethally poisoned (-4 -> -5)
A: no striking features
a: no special abilities


You were on level 2 of the Dungeon.
You visited 1 branch of the dungeon, and saw 2 of its levels.

You collected 46 gold pieces.


   Skills:
 - Level 1.5 Fighting
 + Level 7.1 Ranged Weapons
 - Level 2.4 Dodging
 - Level 1.2 Stealth


You had 2 spell levels left.
You didn't know any spells.
Your spell library was empty.

Inventory:

Hand Weapons
 Y - a +1 shortbow (weapon)
Armour
 d - a +0 ring mail (worn)
 j - a +0 cloak (worn)
Potions
 f - a potion of curing {unknown}
 h - a potion of lignification {unknown}

Dungeon Overview and Level Annotations

Branches:
Dungeon (2/15)

Altars:


Message History

The arrow hits the giant cockroach!
You kill the giant cockroach!
You shoot an arrow. The arrow hits the frilled lizard!
You kill the frilled lizard!
You shoot an arrow. The arrow hits the gnoll.
The gnoll is lightly wounded.
The adder barely misses you.
You shoot an arrow. The arrow hits the gnoll!
The gnoll is severely wounded.
The adder barely misses you. The gnoll barely misses you. The adder bites you.
You shoot an arrow. The arrow hits the gnoll!
You kill the gnoll!
The adder barely misses you. The gnoll closely misses you.
You shoot an arrow. The arrow barely misses the adder.
The adder bites you but does no damage. The gnoll hits you but does no damage.
The adder bites you.
You shoot an arrow. The arrow hits the adder!
The adder is almost dead.
The adder bites you but does no damage. The gnoll misses you.
You shoot an arrow. The arrow closely misses the adder.
The adder bites you but does no damage. The gnoll closely misses you.
The adder bites you.
You are poisoned.
The adder poisons you!
You shoot an arrow. The arrow barely misses the adder.
You feel sick. The adder bites you but does no damage.
The gnoll hits you from afar with a +0 spear!
The adder barely misses you. The gnoll completely misses you.
You shoot an arrow. The arrow closely misses the adder.
You feel sick. The adder bites you but does no damage.
The gnoll hits you from afar with a +0 spear.
You shoot an arrow. The arrow hits the adder!
You kill the adder!
You feel sick. The gnoll barely misses you.
Your Ranged Weapons skill increases to level 7!
You shoot an arrow. The arrow hits the gnoll.
The gnoll is moderately wounded.
You feel sick.
The gnoll hits you from afar with a +0 spear.
You die...

# .~....
##.#~.~...
#.#..~.~~~
..#...~.~~
#.#)...~._
#.#g..~.~~
##.#).~.~~~
#<.@#
#.#.%.~....
#.#...#....
#.###..# ##
..# .#..
#.# .####
#.# # ...


You could see a gnoll.

Vanquished Creatures
  2 gnolls (D:2)
  An adder (D:2)
  A dart slug (D:2)
  A giant cockroach (D:2)
  5 goblins (D:1)
  3 quokkas (D:1)
  A bat (D:1)
  3 frilled lizards
  A kobold (D:1)
  2 rats (D:1)
20 creatures vanquished.

Notes
Turn   | Place    | Note
-------+----------+-------------------------------------------
     0 | D:1      | qw the Deep Elf Hunter began the quest for the Orb.
     0 | D:1      | Reached XP level 1. HP: 12/12 MP: 3/3
     0 | D:1      | 0 ||| qw: Version: 0.3-a-22-g0ed2b0b
     0 | D:1      | 0 ||| qw: Game counter: 5533
     0 | D:1      | 0 ||| qw: Melee chars always use a shield: true
     0 | D:1      | 0 ||| qw: God list: Okawaru
     0 | D:1      | 0 ||| qw: Allow faded altars: false
     0 | D:1      | 0 ||| qw: Do Orc after clearing Dungeon:15 true
     0 | D:1      | 0 ||| qw: Do second Lair branch before Depths: true
     0 | D:1      | 0 ||| qw: Lair rune preference: random
     0 | D:1      | 0 ||| qw: Goals: Normal
     0 | D:1      | 0 ||| PLANNING D:1-11
   399 | D:1      | 399 ||| UPGRADING to +0 cloak.
   404 | D:1      | 404 ||| READING 2 scrolls labelled UTITESM PAYPOI.
   405 | D:1      | 405 ||| READING scroll labelled EWUW OFEFAA.
   415 | D:1      | Reached XP level 2. HP: 16/16 MP: 4/4
   436 | D:1      | 436 ||| UPGRADING to +0 ring mail.
   446 | D:1      | 446 ||| DROPPING +0 leather armour.
   496 | D:1      | Reached skill level 6 in Ranged Weapons
   758 | D:1      | 758 ||| READING scroll labelled UCE XIEDASID.
   759 | D:1      | 759 ||| READING scroll labelled CUUMUNK QOSMUD.
   760 | D:1      | 760 ||| DROPPING scroll of fear.
   761 | D:1      | 761 ||| DROPPING scroll of butterflies.
   777 | D:2      | Found a faded altar of an unknown god.
   780 | D:2      | Reached XP level 3. HP: 20/20 MP: 5/5
   789 | D:2      | HP: 2/20 [gnoll/+0 spear (4)]
   791 | D:2      | Reached skill level 7 in Ranged Weapons
   791 | D:2      | Slain by a gnoll

Levels and vault maps discovered:
D:1:      dpeg_arrival_round_c, layout_basic, serial_glass, glass_columns_b,
          glass_columns_a, glass_columns_b, glass_columns_b, glass_columns_a,
          glass_columns_a, glass_columns_a, glass_columns_c, serial_bayou_lake_a
D:2:      layout_loops_ring, shapermc_ecumenical_altar_starsandcircs

Skill      XL: |  1  2  3 |
---------------+----------+-----
Ranged Weapons | 6 7 |  7.1
Fighting       | |  1.5
Dodging        | |  2.4
Stealth        | |  1.2

Action                     || total
---------------------------++-------
   Fire: Shortbow          ||    50
    Use: Scroll            ||     4
 Armour: Leather armour    ||     2
         Ring mail         ||     8
  Dodge: Dodged            ||    15

Table legend:
 A = Non-vault XP
 B = Vault XP
 C = Vault XP percentage of total XP
 D = Non-vault monster count
 E = Vault monster count
 F = Vault count percentage of total count
                 A         B        C        D         E       F
            +---------+---------+-------+---------+---------+-------
      Total |      72 |       0 |   0.0 |      20 |       0 |   0.0
            +---------+---------+-------+---------+---------+-------
        D:1 |      22 |       0 |   0.0 |      14 |       0 |   0.0
        D:2 |      50 |       0 |   0.0 |       6 |       0 |   0.0
            +---------+---------+-------+---------+---------+-------
